 Dungeon Crawl Stone Soup version 0.25-a0-731-g0472a16d6a (webtiles) character file.

Game seed: 17044022699882926273, levelgen mode: deterministic

2682 vurker the Magician (level 9, -1/71 HPs)
             Began as a Gnoll Skald on Apr 8, 2020.
             Was a Follower of Cheibriados.
             Slain by Joseph
             ... wielding a +2 quarterstaff of protection
              (12 damage)
             ... on level 7 of the Dungeon.
             The game lasted 00:15:38 (10285 turns).

vurker the Magician (Gnoll Skald)                  Turns: 10285, Time: 00:15:38

Health: -1/71      AC:  8    Str: 17    XL:     9   Next: 64%
Magic:  19/19      EV: 15    Int: 22    God:    Cheibriados [*.....]
Gold:   519        SH:  0    Dex: 17    Spells: 16/21 levels left

rFire    . . .     SeeInvis .   a - +0 spear
rCold    . . .     Gourm    .   (no shield)
rNeg     + . .     Faith    .   o - +0 ring mail {rN+}
rPois    .         Spirit   .   (no helmet)
rElec    .         Reflect  .   (no cloak)
rCorr    +         Harm     .   (no gloves)
MR       .....                  x - +1 pair of boots
Stlth    ++........             (no amulet)
HPRegen  0.21/turn              y - ring of resist corrosion
MPRegen  0.16/turn              (no ring)

@: very slow
A: distributed training, fangs 1, strong nose
a: Bend Time, Renounce Religion


You were on level 7 of the Dungeon.
You worshipped Cheibriados.
Cheibriados was aware of your devotion.
You were not hungry.

You visited 2 branches of the dungeon, and saw 8 of its levels.

You collected 519 gold pieces.

Inventory:

Hand Weapons
 a - a +0 spear (weapon)
Armour
 o - a +0 ring mail of positive energy (worn)
   (You found it on level 4 of the Dungeon)
 x - a +1 pair of boots (worn)
   (You found it on level 5 of the Dungeon)
Jewellery
 y - a ring of resist corrosion (left hand)
   (You found it on level 5 of the Dungeon)
Wands
 c - a wand of disintegration (19)
   (You found it on level 4 of the Dungeon)
 v - a wand of digging (7)
   (You took it off Ijyb on level 3 of the Dungeon)
Scrolls
 f - 4 scrolls of remove curse
 g - 2 scrolls of fog
 j - a scroll of fear
 n - 2 scrolls of teleportation
 q - a scroll of amnesia
Potions
 h - a potion of might {unknown}
 l - a potion of brilliance {unknown}
 m - 2 potions of flight
 p - a potion of magic {unknown}
Comestibles
 e - 9 rations


   Skills:
 + Level 6.4 Fighting
 + Level 4.3 Short Blades
 + Level 4.3 Long Blades
 + Level 4.3 Axes
 + Level 4.3 Maces & Flails
 + Level 6.4 Polearms
 + Level 4.3 Staves
 + Level 4.3 Slings
 + Level 4.3 Bows
 + Level 4.3 Crossbows
 + Level 4.3 Throwing
 + Level 5.1 Armour
 + Level 6.4 Dodging
 + Level 4.3 Stealth
 + Level 4.3 Shields
 + Level 4.3 Unarmed Combat
 + Level 6.7 Spellcasting
 + Level 3.6 Conjurations
 + Level 3.6 Hexes
 + Level 6.6 Charms
 + Level 3.6 Summonings
 + Level 3.6 Necromancy
 + Level 3.6 Translocations
 + Level 3.6 Transmutations
 + Level 3.6 Fire Magic
 + Level 3.6 Ice Magic
 + Level 3.6 Air Magic
 + Level 3.6 Earth Magic
 + Level 3.6 Poison Magic
 + Level 4.8 Invocations
 + Level 4.3 Evocations


You had 16 spell levels left.
You knew the following spells:

 Your Spells              Type           Power        Failure   Level  Hunger
a - Spectral Weapon       Hex/Chrm       ####....     5%          3    #......
q - Song of Slaying       Chrm           #####...     1%          2    None

Your spell library contained the following spells:

 Spells                   Type           Power        Failure   Level  Hunger
 Infusion                 Chrm           ####         1%          1    None
 Shroud of Golubria       Chrm/Tloc      ####..       2%          2    None
 Ozocubu's Armour         Chrm/Ice       ####....     5%          3    #......


Dungeon Overview and Level Annotations

Branches:
Dungeon (7/15)             Temple (1/1) D:5

Altars:
Ashenzari
Cheibriados
Dithmenos
Kikubaaqudgha
Nemelex Xobeh
Qazlal
Trog
Uskayaw
Wu Jian
Xom
Yredelemnul
Zin

Shops:
D:4 }   D:7 :

Annotations:
D:7 Joseph


Innate Abilities, Weirdness & Mutations

Your experience applies equally to all skills.
You have very sharp teeth.
Your uncanny sense of smell can sniff out nearby items.


Message History

Attack whom?
Aim: Joseph, wielding a +0 hunting sling, wearing a +0 ring mail and quivering 18 sling bullets (moderately wounded)
You reach to attack!
You hit Joseph.
Joseph shoots a sling bullet.
The sling bullet closely misses you.
The sling bullet completely misses your spectral weapon.
Attack whom?
Aim: Joseph, wielding a +0 hunting sling, wearing a +0 ring mail and quivering 17 sling bullets (moderately wounded)
You reach to attack!
You hit Joseph.
Joseph shoots a sling bullet.
The sling bullet barely misses you.
The sling bullet barely misses your spectral weapon.
Attack whom?
Aim: Joseph, wielding a +0 hunting sling, wearing a +0 ring mail and quivering 16 sling bullets (heavily wounded)
You reach to attack!
You puncture Joseph!
Attack whom?
Aim: Joseph, wielding a +0 hunting sling, wearing a +0 ring mail and quivering 16 sling bullets (heavily wounded)
You reach to attack!
You barely miss Joseph.
Joseph shoots a sling bullet.
The sling bullet hits you!
* * * LOW HITPOINT WARNING * * *
You feel better.
Joseph shoots a sling bullet.
The sling bullet misses you.
The sling bullet barely misses your spectral weapon.
You are confused.
You feel invigorated.
Joseph shoots a sling bullet.
The sling bullet hits you.
* * * LOW HITPOINT WARNING * * *
You bump into the rock wall.
Joseph shoots a sling bullet.
The sling bullet hits you!
* * * LOW HITPOINT WARNING * * *
Joseph unwields a +0 hunting sling.
Joseph wields a +2 quarterstaff of protection.
Joseph hits you with a +2 quarterstaff of protection.
* * * LOW HITPOINT WARNING * * *
You see here a sling bullet.
You bump into the rock wall.
Joseph hits you but does no damage.
You bump into the rock wall.
Joseph hits you but does no damage.
You bump into the rock wall.
Joseph misses you.
You puncture Joseph!
Your spectral weapon barely misses Joseph.
You hit Joseph. You bite Joseph, but do no damage.
Your spectral weapon hits Joseph but does no damage.
Joseph hits you with a +2 quarterstaff of protection!
* * * LOW HITPOINT WARNING * * *
You hit your spectral weapon.
Joseph tries to grin evilly.
Joseph hits you with a +2 quarterstaff of protection.
* * * LOW HITPOINT WARNING * * *
You hit Joseph. You bite Joseph, but do no damage.
You feel less invigorated.
You feel less confused.
Your spectral weapon closely misses Joseph.
Joseph says, "You will never get the ORB, sorry."
Joseph hits you with a +2 quarterstaff of protection!
You die...

#....#*!.,,*#.##........##..###
#....#**##,*#...(.......#...#,.
#....# *,*####..###...#..##,#
#....# *,* #..# #####..#*,*
*,,,,* *,* ###..#######..#*,*
****** *,* #(............#*,*
*,* #.#..#######.#**,* *,*
#(#........#.* *,* *,*
#@#........#,* *,* #,*
#@#.####.#.#,***,*
#.###(#......#.#,,,,,,
#.....#.######.#****,,
#######.######.# **, #........#
*, ########.# *, ### *, *,


You could see Joseph and a friendly spectral +0 spear.

Vanquished Creatures
  Pikel (D:5)
  Duvessa (D:6)
  A slave (D:5)
  3 ice beasts
  A black bear (D:5)
  3 ogres
  A phantom (D:5)
  2 centaurs
  2 bullfrogs
  Dowan (D:6)
  2 scorpions
  A howler monkey (D:5)
  2 crimson imps (D:5)
  A centaur zombie (D:7)
  2 hounds
  3 orc priests
  A bullfrog skeleton (D:6)
  Ijyb (D:3)
  Terence (D:2)
  2 iguanas
  4 worker ants
  4 orc wizards
  A killer bee zombie (D:7)
  5 gnolls
  12 adders
  3 shadow imps
  4 oozes
  4 adder zombies
  5 worms
  2 leopard geckos
  15 orcs
  5 bats
  4 giant cockroaches
  6 hobgoblins
  10 jackals
  4 quokkas
  A ball python (D:3)
  5 frilled lizards
  A giant cockroach zombie (D:5)
  5 goblins
  3 kobolds
  6 rats
141 creatures vanquished.

Vanquished Creatures (others)
  A slave (D:6)
  An adder (D:6)
  3 spectral weapons
5 creatures vanquished.

Grand Total: 146 creatures vanquished

Notes
Turn   | Place    | Note
-------+----------+-------------------------------------------
     0 | D:1      | vurker the Gnoll Skald began the quest for the Orb.
     0 | D:1      | Reached XP level 1. HP: 20/20 MP: 6/6
   128 | D:1      | Reached XP level 2. HP: 22/26 MP: 7/7
   287 | D:1      | Reached XP level 3. HP: 21/31 MP: 9/9
   428 | D:1      | Reached skill level 5 in Spellcasting
   837 | D:2      | Noticed Terence
  1061 | D:2      | Reached skill level 1 in Invocations
  1173 | D:2      | Learned a level 3 spell: Spectral Weapon
  1176 | D:2      | Learned a level 2 spell: Song of Slaying
  1210 | D:2      | Reached skill level 1 in Short Blades
  1210 | D:2      | Reached skill level 1 in Long Blades
  1210 | D:2      | Reached skill level 1 in Axes
  1210 | D:2      | Reached skill level 1 in Maces & Flails
  1210 | D:2      | Reached skill level 1 in Staves
  1210 | D:2      | Reached skill level 1 in Slings
  1210 | D:2      | Reached skill level 1 in Bows
  1210 | D:2      | Reached skill level 1 in Crossbows
  1210 | D:2      | Reached skill level 1 in Throwing
  1210 | D:2      | Reached skill level 1 in Stealth
  1210 | D:2      | Reached skill level 1 in Shields
  1210 | D:2      | Reached skill level 1 in Unarmed Combat
  1210 | D:2      | Reached skill level 1 in Evocations
  1210 | D:2      | Reached XP level 4. HP: 32/38 MP: 4/11
  2106 | D:2      | Killed Terence
  2106 | D:2      | Reached skill level 1 in Conjurations
  2106 | D:2      | Reached skill level 1 in Hexes
  2106 | D:2      | Reached skill level 1 in Summonings
  2106 | D:2      | Reached skill level 1 in Necromancy
  2106 | D:2      | Reached skill level 1 in Translocations
  2106 | D:2      | Reached skill level 1 in Transmutations
  2106 | D:2      | Reached skill level 1 in Fire Magic
  2106 | D:2      | Reached skill level 1 in Ice Magic
  2106 | D:2      | Reached skill level 1 in Air Magic
  2106 | D:2      | Reached skill level 1 in Earth Magic
  2106 | D:2      | Reached skill level 1 in Poison Magic
  2422 | D:3      | Noticed Ijyb
  2459 | D:3      | Killed Ijyb
  2459 | D:3      | Reached XP level 5. HP: 22/43 MP: 3/12
  3711 | D:4      | Reached XP level 6. HP: 50/50 MP: 10/13
  3934 | D:4      | Reached skill level 5 in Fighting
  3934 | D:4      | Reached skill level 5 in Polearms
  3934 | D:4      | Reached skill level 5 in Dodging
  4477 | D:4      | Reached XP level 7. HP: 53/56 MP: 11/15
  4672 | D:4      | Found Cihoku's Gadget Boutique.
  4886 | D:5      | Entered Level 5 of the Dungeon
  5593 | D:5      | Reached XP level 8. HP: 15/63 MP: 8/16
  6161 | D:5      | Found a staircase to the Ecumenical Temple.
  6171 | Temple   | Entered the Ecumenical Temple
  6265 | Temple   | Became a worshipper of Cheibriados the Contemplative
  6424 | D:5      | Found a shimmering altar of Xom.
  6616 | D:6      | Noticed Pikel
  6690 | D:6      | Noticed Duvessa
  6690 | D:6      | Noticed Dowan
  7955 | D:5      | Killed Pikel
  7955 | D:5      | Reached XP level 9. HP: 38/69 MP: 9/18
  8455 | D:6      | Killed Duvessa
  8460 | D:6      | Killed Dowan
  9120 | D:7      | Reached * piety under Cheibriados
  9120 | D:7      | Reached skill level 5 in Armour
  9267 | D:7      | Found Ytasoon's Book Emporium.
  9879 | D:7      | Noticed a two-headed ogre
 10229 | D:7      | Noticed Joseph
 10274 | D:7      | HP: 1/71 [Joseph/sling bullet (7)]
 10285 | D:7      | Slain by Joseph

Levels and vault maps discovered:
D:1:      evilmike_arrival_fibonacci_small, layout_rooms
D:2:      layout_basic, uniq_terence
D:3:      layout_loops_ring, hex_medium, uniq_ijyb
D:4:      layout_cave_pools, first_ration, serial_shops, kennysheep_mini
D:5:      layout_cave_pools, minmay_temple_entry_tees, lemuel_altar_in_water
D:6:      layout_layer_cave, uniq_pikel, uniq_duvessa
D:7:      layout_basic, serial_shops, shop, uniq_joseph, uniq_harold
Temple:   kilobyte_greek_temple

Skill      XL: |  1  2  3  4  5  6  7  8  9 |
---------------+----------------------------+-----
Spellcasting   | 5 6 |  6.7
Invocations    | 1 2 3 4 |  4.8
Short Blades   | 1 2 3 4 |  4.3
Long Blades    | 1 2 3 4 |  4.3
Axes           | 1 2 3 4 |  4.3
Maces & Flails | 1 2 3 4 |  4.3
Staves         | 1 2 3 4 |  4.3
Slings         | 1 2 3 4 |  4.3
Bows           | 1 2 3 4 |  4.3
Crossbows      | 1 2 3 4 |  4.3
Throwing       | 1 2 3 4 |  4.3
Stealth        | 1 2 3 4 |  4.3
Shields        | 1 2 3 4 |  4.3
Unarmed Combat | 1 2 3 4 |  4.3
Evocations     | 1 2 3 4 |  4.3
Conjurations   | 1 2 3 |  3.6
Hexes          | 1 2 3 |  3.6
Summonings     | 1 2 3 |  3.6
Necromancy     | 1 2 3 |  3.6
Translocations | 1 2 3 |  3.6
Transmutations | 1 2 3 |  3.6
Fire Magic     | 1 2 3 |  3.6
Ice Magic      | 1 2 3 |  3.6
Air Magic      | 1 2 3 |  3.6
Earth Magic    | 1 2 3 |  3.6
Poison Magic   | 1 2 3 |  3.6
Armour         | 3 4 5 |  5.1
Fighting       | 5 6 |  6.4
Polearms       | 5 6 |  6.4
Dodging        | 5 6 |  6.4
Charms         | 6 |  6.6

Action                   |  1- 3 |  4- 6 |  7- 9 || total
-------------------------+-------+-------+-------++-------
Melee: Spear             |   119 |   243 |   437 ||   799
       Bite              |     9 |    30 |    55 ||    94
       Punch             |       |     1 |    11 ||    12
 Cast: Infusion          |     7 |     7 |    10 ||    24
       Spectral Weapon   |     1 |    15 |    35 ||    51
  Use: Scroll            |       |     1 |    13 ||    14
       Potion            |       |     1 |     5 ||     6
 Stab: Distracted        |     1 |     2 |     7 ||    10
       Sleeping          |       |     5 |       ||     5
  Eat: Chunk             |     1 |     8 |     8 ||    17
       Ration            |       |     1 |     4 ||     5
Armor: Leather armour    |    14 |    32 |       ||    46
       Ring mail         |       |     3 |    88 ||    91
Dodge: Dodged            |    67 |   145 |   270 ||   482

Table legend:
 A = Non-vault XP
 B = Vault XP
 C = Vault XP percentage of total XP
 D = Non-vault monster count
 E = Vault monster count
 F = Vault count percentage of total count
                 A         B        C        D         E       F
            +---------+---------+-------+---------+---------+-------
      Total |    2875 |     957 |  25.0 |     135 |       5 |   3.6
            +---------+---------+-------+---------+---------+-------
        D:1 |      54 |       0 |   0.0 |      25 |       0 |   0.0
        D:2 |      69 |      36 |  34.3 |      20 |       1 |   4.8
        D:3 |      70 |      38 |  35.2 |      16 |       1 |   5.9
        D:4 |     572 |       0 |   0.0 |      13 |       0 |   0.0
        D:5 |    1082 |     663 |  38.0 |      34 |       1 |   2.9
        D:6 |     491 |     220 |  30.9 |      12 |       2 |  14.3
        D:7 |     537 |       0 |   0.0 |      15 |       0 |   0.0
            +---------+---------+-------+---------+---------+-------
